 Dungeon Crawl Stone Soup version 0.28-a0-1387-g3a22ab9bdc (webtiles) character file.

Game seed: 13151225955038277827

4172 pokeman the Thaumaturge (level 10, -2/56 HPs)
             Began as a Deep Elf Hedge Wizard on Jan 2, 2022.
             Slain by a human (12 damage)
             ... in a bailey.
             The game lasted 00:23:28 (10439 turns).

pokeman the Thaumaturge (Deep Elf Hedge Wizard)    Turns: 10439, Time: 00:23:29

Health: -2/56      AC:  5    Str:  7    XL:     10   Next: 7%
Magic:  22/28      EV: 12    Int: 27    God:
Gold:   162        SH:  0    Dex: 14    Spells: 23/34 levels left

rFire   . . .      SeeInvis .   s - +3 war axe of Ragnarok {vorpal, Int+3}
rCold   . . .      Faith    .   (no shield)
rNeg    . . .      Spirit   .   k - +0 leather armour
rPois   .          Reflect  .   c - +0 hat
rElec   .          Harm     .   o - +0 cloak
rCorr   .          Rampage  .   r - +0 pair of gloves
Will    ++...                   (no boots)
Stlth   ++........              (no amulet)
HPRegen 0.18/turn               B - ring of willpower
MPRegen 0.21/turn               (no ring)

@: studying Ice Magic
A: no striking features
a: no special abilities


You were in a bailey.
You visited 2 branches of the dungeon, and saw 8 of its levels.
You also visited: Sewer and Bailey.

You collected 204 gold pieces.
You spent 42 gold pieces at shops.

Inventory:

Hand Weapons
 n - a +3 quarterstaff of chaos
 s - the +3 war axe of Ragnarok (weapon) {vorpal, Int+3}
   (You found it on level 4 of the Dungeon)

   It inflicts extra damage upon your enemies.
   Int:       It affects your intelligence (+3).
Missiles
 d - 52 bolts
 x - 2 curare-tipped darts
 I - 21 arrows
Armour
 c - a +0 hat (worn)
 k - a +0 leather armour (worn)
 o - a +0 cloak (worn)
 r - a +0 pair of gloves (worn)
 u - a +2 leather armour of fire resistance
Jewellery
 j - a ring of ice
 B - a ring of willpower (left hand)
Wands
 l - a wand of paralysis (11)
 E - a wand of flame (27)
 G - a wand of digging (4)
Scrolls
 a - 3 scrolls of teleportation
 b - 2 scrolls of enchant armour {unknown}
 f - 2 scrolls of fear {unknown}
 g - 3 scrolls of fog {unknown}
 i - 2 scrolls of noise {unknown}
 m - 3 scrolls of identify {unknown}
 y - 2 scrolls of amnesia {unknown}
 A - 3 scrolls of enchant weapon {unknown}
 C - a scroll of torment {unknown}
 D - a scroll of vulnerability {unknown}
 F - a scroll of summoning {unknown}
 H - a scroll of magic mapping {unknown}
Potions
 e - 5 potions of haste {unknown}
 h - a potion of degeneration {unknown}
 p - 4 potions of lignification {unknown}
 q - 2 potions of might {unknown}
 t - 3 potions of brilliance {unknown}
 v - a potion of heal wounds
 w - a potion of attraction {unknown}
 z - a potion of mutation {unknown}


   Skills:
 + Level 3.6 Fighting
 - Level 3.0 Armour
 - Level 3.0 Dodging
 - Level 3.0 Stealth
 * Level 12.7 Spellcasting
 + Level 7.1 Conjurations
 - Level 1.1 Summonings
 - Level 1.1 Translocations
 + Level 6.0 Fire Magic
 - Level 1.2 Ice Magic
 - Level 2.0 Air Magic
 - Level 2.0 Poison Magic
 - Level 1.1 Evocations


You had 23 spell levels left.
You knew the following spells:

 Your Spells              Type           Power      Damage    Failure   Level
a - Magic Dart            Conj           100%       1d8       1%          1
b - Mephitic Cloud        Conj/Pois/Air  37%        N/A       3%          3
c - Call Imp              Summ           23%        N/A       4%          2
d - Blink                 Tloc           46%        N/A       4%          2
e - Conjure Flame         Conj/Fire      52%        6-21      1%          3

Your spell library contained the following spells:

 Spells                   Type           Power      Damage    Failure   Level
 Slow                     Hex            68%        N/A       4%          1
 Inner Flame              Hex/Fire       33%        N/A       4%          3
 Ensorcelled Hibernation  Hex/Ice        40%        N/A       5%          2
 Lesser Beckoning         Tloc           23%        N/A       9%          3
 Spider Form              Tmut/Pois      22%        N/A       10%         3
 Cause Fear               Hex            8%         N/A       43%         4
 Manifold Assault         Tloc           23%        N/A       63%         5
 Storm Form               Tmut/Air       11%        N/A       100%        7
 Discord                  Hex            8%         N/A       100%        8


Dungeon Overview and Level Annotations

Branches:
Dungeon (7/15)             Temple (1/1) D:6           Sewer (visited)
 Bailey (1/1)

Altars:
Ashenzari
Cheibriados
Dithmenos
Elyvilon
Fedhas
Gozag
Nemelex Xobeh
Okawaru
Qazlal
Ru
Sif Muna
Uskayaw
Yredelemnul
The Shining One

Shops:
D:3 *


Message History

Unknown command.
You hit the human.
The human is almost dead.
The human hits the human with a +0 war axe!
The orc barely misses the hobgoblin.
Unknown command.
You hit the human.
The human is severely wounded.
The human is engulfed in blazing flames.
You kill the human!
The orc hits the hobgoblin but does no damage.
Your Fire Magic skill increases to level 6!
Unknown command.
You hit the human but do no damage.
The human is almost dead.
You barely miss the human. You hit the hobgoblin but do no damage.
The human seems less confused.
The human is engulfed in blazing flames.
The human hits you with a +0 war axe!
The hobgoblin hits you with a +0 hand axe!
* * * LOW HITPOINT WARNING * * *
The human laughs crazily.
The human is engulfed in blazing flames.
The human completely misses you. The hobgoblin barely misses you.
Unknown command.
You hit the human but do no damage.
The human is almost dead.
You closely miss the human. You hit the hobgoblin. The human misses you.
The human is engulfed in blazing flames.
You kill the human!
The hobgoblin hits you but does no damage.
Unknown command.
Unknown command.
You barely miss the human.
The human is almost dead.
You hit the hobgoblin but do no damage.
The human seems less confused.
The hobgoblin hits you with a +0 hand axe!
* * * LOW HITPOINT WARNING * * *
A human opens the door.
The human hits you with a +0 war axe!
You die...

##### ......
#####
......##...##
#...o'..∩..#
######.§@..#
#g≈p'.gp..#
p≈≈≈##...##
≈≈≈ #####


F You could see 3 humans, a bullfrog (wandering), an orc (confused) and 2
hobgoblins.

Vanquished Creatures
  Grinder (D:5)
  6 yaks (D:4)
  Eustachio (D:5)
  2 humans (Bailey)
  A vampire mosquito (D:5)
  Edmund (D:5)
  2 water moccasins (D:6)
  2 orc warriors (D:6)
  A black bear (D:4)
  An ice beast (D:5)
  A necrophage (D:6)
  A phantom (D:5)
  2 kobold brigands (Sewer)
  A bullfrog (D:7)
  3 scorpions
  A water moccasin zombie (D:4)
  2 water moccasin skeletons
  An electric eel (D:7)
  2 lava snakes (D:7)
  2 bullfrog zombies (D:4)
  4 hounds
  A centaur zombie (D:7)
  An orc priest (D:3)
  A centaur skeleton (D:6)
  2 jellies
  A bullfrog skeleton (D:5)
  Crazy Yiuf (D:3)
  A gnoll shaman (D:4)
  Jessica (D:2)
  An iguana (D:5)
  4 scorpion zombies
  5 orc wizards
  2 hound zombies (D:4)
  4 gnolls (D:4)
  A howler monkey skeleton (D:4)
  15 adders
  3 river rats (Sewer)
  A white imp (D:5)
  7 adder zombies (D:4)
  2 adder skeletons (D:4)
  4 worms
  2 dart slugs (D:4)
  16 orcs
  6 ball pythons
  5 endoplasms
  6 giant cockroaches
  4 goblins
  3 hobgoblins
  10 jackals
  8 kobolds
  3 quokkas
  6 bats
  3 frilled lizards
  A jackal skeleton (D:4)
  A jackal zombie (D:4)
  A quokka zombie (D:4)
  6 rats
177 creatures vanquished.

Vanquished Creatures (collateral kills)
  An orc (D:4)
  An endoplasm (D:3)
  2 jackals (D:3)
4 creatures vanquished.

Vanquished Creatures (others)
  A fungus (D:6)
  A plant (D:6)
  9 withered plants (D:4)
11 creatures vanquished.

Grand Total: 192 creatures vanquished

Notes
Turn   | Place    | Note
-------+----------+-------------------------------------------
     0 | D:1      | pokeman the Deep Elf Hedge Wizard began the quest for the
                  | Orb.
     0 | D:1      | Reached XP level 1. HP: 10/10 MP: 7/7
   357 | D:1      | Reached XP level 2. HP: 16/16 MP: 3/9
  1226 | D:2      | Reached skill level 5 in Spellcasting
  1391 | D:2      | Reached XP level 3. HP: 7/20 MP: 3/11
  1395 | D:2      | Learned a level 3 spell: Mephitic Cloud
  1398 | D:2      | Learned a level 2 spell: Call Imp
  1401 | D:2      | Learned a level 2 spell: Blink
  1405 | D:2      | Learned a level 3 spell: Conjure Flame
  1718 | D:2      | Noticed Jessica
  1726 | D:2      | Killed Jessica
  1727 | D:2      | Reached skill level 1 in Fighting
  1727 | D:2      | Reached skill level 1 in Armour
  1807 | D:2      | Reached XP level 4. HP: 25/25 MP: 7/13
  2074 | D:2      | Found a broken altar of Ashenzari.
  2170 | D:2      | Found a faded altar of an unknown god.
  2597 | D:3      | Found an iron altar of Okawaru.
  2713 | D:3      | Found Sacianwof's General Store.
  2733 | D:3      | Reached skill level 1 in Fire Magic
  2749 | D:3      | Reached skill level 6 in Spellcasting
  2749 | D:3      | Reached XP level 5. HP: 11/29 MP: 0/15
  3186 | D:3      | Bought a scroll of teleportation for 42 gold pieces
  3693 | D:3      | Found a runed translucent door.
  3694 | D:3      | Noticed Crazy Yiuf
  3707 | D:3      | Killed Crazy Yiuf
  4330 | D:4      | Noticed a black bear
  4346 | D:4      | Reached skill level 1 in Air Magic
  4346 | D:4      | Reached XP level 6. HP: 26/34 MP: 3/17
  4350 | D:4      | Reached skill level 7 in Spellcasting
  4350 | D:4      | Reached skill level 1 in Poison Magic
  4682 | D:4      | Reached XP level 7. HP: 34/38 MP: 14/20
  4936 | D:4      | Reached skill level 8 in Spellcasting
  5023 | D:4      | Noticed a yak
  5023 | D:4      | Noticed a yak
  5023 | D:4      | Noticed a yak
  5024 | D:4      | Noticed a yak
  5025 | D:4      | Noticed a yak
  5031 | D:4      | Killed a yak
  5033 | D:4      | Killed a yak
  5034 | D:4      | Noticed a yak
  5036 | D:4      | Killed a yak
  5037 | D:4      | Reached skill level 9 in Spellcasting
  5037 | D:4      | Reached XP level 8. HP: 28/44 MP: 17/23
  5483 | D:4      | Reached skill level 5 in Conjurations
  5724 | D:4      | Identified the +3 war axe of Ragnarok {vorpal, Int+3}
  5817 | D:4      | Reached skill level 10 in Spellcasting
  6034 | D:5      | Entered Level 5 of the Dungeon
  6045 | D:5      | Noticed Eustachio
  6080 | D:5      | Killed Eustachio
  6170 | D:5      | Noticed Edmund
  6171 | D:5      | Found a blossoming altar of Fedhas.
  6179 | D:5      | Killed Edmund
  6273 | D:5      | Reached XP level 9. HP: 35/48 MP: 21/25
  6389 | D:5      | Found a glowing drain.
  6425 | Sewer    | Entered a sewer
  6662 | Sewer    | Reached skill level 1 in Evocations
  7007 | Sewer    | Reached skill level 11 in Spellcasting
  7770 | D:5      | Reached skill level 5 in Fire Magic
  7980 | D:5      | Noticed Grinder
  7993 | D:5      | Killed Grinder
  7994 | D:5      | Reached skill level 1 in Ice Magic
  8290 | D:6      | Found a staircase to the Ecumenical Temple.
  8315 | Temple   | Entered the Ecumenical Temple
  8699 | D:6      | Reached skill level 12 in Spellcasting
 10053 | D:6      | Found a sacrificial altar of Ru.
 10191 | D:7      | Reached XP level 10. HP: 14/56 MP: 10/28
 10215 | D:7      | Found a flagged portal.
 10279 | Bailey   | Entered a bailey
 10439 | Bailey   | Slain by a human

Illustrated notes

Levels and vault maps discovered:
D:1:      co_arrival_random_square_maze, layout_loops_ring
D:2:      layout_basic, shapermc_ecumenical_altar_mp_highgroup, basic_altar,
          nrook_mini_backslash, uniq_jessica
D:3:      layout_basic, okawaru_gym_becter, serial_shops, nicolae_diamond_shop,
          minmay_misc_feat_alley, uniq_crazy_yiuf_cottage
D:4:      layout_loops_ring, serial_undead, serial_undead_a, serial_undead_a,
          serial_undead_b, serial_undead_b, serial_undead_b, serial_undead_a,
          minmay_door_square
D:5:      layout_basic, lemuel_crystal_altar, gup_sewer_entry_glass,
          minmay_misc_feat_rugged, minmay_manual_moon, uniq_eustachio,
          uniq_grinder, uniq_edmund
D:6:      layout_cave_pods, nicolae_ru_the_path_less_chosen,
          minmay_temple_entry_antechambers
D:7:      layout_basic, makhleb_heckhound_becter, enter_bailey_2, dk_vineyard_2,
          nicolae_lava_and_water, solitary_fountain, minmay_misc_feat_tiny,
          uniq_maggie, uniq_pikel
Temple:   minmay_temple_curvy_loop
Bailey:   bailey_axe_froggy_fort_hellmonk, bailey

Skill      XL: |  1  2  3  4  5  6  7  8  9 10 |
---------------+-------------------------------+-----
Spellcasting   | 5 6 7 9 10 12 | 12.7
Fighting       | 1 2 3 |  3.6
Armour         | 1 2 3 |  3.0
Conjurations   | 2 3 4 5 7 |  7.1
Fire Magic     | 1 2 4 5 6 |  6.0
Dodging        | 3 |  3.0
Stealth        | 3 |  3.0
Air Magic      | 1 2 |  2.0
Poison Magic   | 1 2 |  2.0
Evocations     | 1 |  1.1
Ice Magic      | 1 |  1.2
Summonings     | |  1.1
Translocations | |  1.1

Action                   |  1- 3 |  4- 6 |  7- 9 | 10-12 || total
-------------------------+-------+-------+-------+-------++-------
Melee: Dagger            |       |    17 |       |       ||    17
       Short sword       |       |    21 |    32 |       ||    53
       War axe           |       |       |    54 |     5 ||    59
 Cast: Magic Dart        |    79 |    84 |   246 |       ||   409
       Mephitic Cloud    |       |     5 |    19 |     2 ||    26
       Call Imp          |       |     6 |     5 |       ||    11
       Conjure Flame     |       |     5 |    31 |     1 ||    37
       Blink             |       |       |     8 |       ||     8
 Stab: Confused          |       |     3 |     5 |       ||     8
       Sleeping          |       |       |     1 |       ||     1
Armor: Robe              |     1 |     1 |       |       ||     2
       Leather armour    |       |     2 |    40 |     1 ||    43
Dodge: Dodged            |    10 |    38 |    79 |     4 ||   131

Table legend: (Time is in decaauts)
 A = Elapsed time spent in this place.
 B = Non-inter-level travel time spent in this place.
 C = Inter-level travel time spent in this place.
 D = Time resting spent in this place.
 E = Time spent auto-exploring this place.
 F = Levels seen in this place.
 G = Mean time per level.
                   A        B        C        D        E       F      G
               +--------+--------+--------+--------+--------+-----+--------+
         Total |  10541 |  10317 |    224 |    233 |   8308 |  10 | 1054.1 |
       Dungeon |   9308 |   9107 |    201 |    213 |   7272 |   7 | 1329.7 |
        Temple |    247 |    224 |     23 |      0 |    220 |   1 |  247.0 |
         Sewer |    824 |    824 |      0 |     20 |    671 |   1 |  824.0 |
        Bailey |    161 |    161 |      0 |      0 |    145 |   1 |  161.0 |
               +--------+--------+--------+--------+--------+-----+--------+

Top non-repeatable levels by time:
     D:3: 2065 daAuts
     D:6: 1619 daAuts
     D:4: 1613 daAuts
     D:5: 1494 daAuts
     D:1: 1222 daAuts
     D:2: 1137 daAuts
   Sewer: 824 daAuts
  Temple: 247 daAuts
  Bailey: 161 daAuts
     D:7: 154 daAuts
